 Dungeon Crawl Stone Soup version 0.24.0-37-gcf1ca852f1 (webtiles) character file.

Game seed: 2352279386336883199, levelgen mode: deterministic

667 grindst0ne the Slicer (level 7, -6/41 HPs)
             Began as a Kobold Berserker on Dec 4, 2019.
             Was a Priest of Trog.
             Killed by divine providence
             ... invoked by an orc priest
              (11 damage)
             ... on level 5 of the Dungeon.
             The game lasted 00:06:53 (3525 turns).

grindst0ne the Slicer (Kobold Berserker)            Turns: 3525, Time: 00:06:54

Health: -6/41      AC: 11    Str: 14    XL:     7   Next: 88%
Magic:  7/7        EV: 17    Int: 11    God:    Trog [***...]
Gold:   225        SH:  0    Dex: 14    Spells: 6/6 levels left

rFire    + . .     SeeInvis .   a - +0 short sword
rCold    . . .     Gourm    .   (shield restricted)
rNeg     . . .     Faith    .   g - +2 ring mail {rF+}
rPois    .         Spirit   .   (no helmet)
rElec    .         Reflect  .   u - +2 cloak
rCorr    .         Harm     .   (no gloves)
MR       .....                  B - +0 pair of boots
Stlth    ++........             (no amulet)
HPRegen  0.13/turn              i - ring of stealth
MPRegen  0.10/turn              (no ring)

@: berserk cooldown, slowed, very slow
A: small, carnivore
a: Berserk, Trog's Hand, Renounce Religion


You were on level 5 of the Dungeon.
You worshipped Trog.
Trog was most pleased with you.
You were very full.

You visited 1 branch of the dungeon, and saw 5 of its levels.

You collected 225 gold pieces.

Inventory:

Hand Weapons
 a - a +0 short sword (weapon)
 z - a +1 hand axe of flaming
Missiles
 f - 25 poisoned darts (quivered)
 x - 6 boomerangs
Armour
 b - a +3 leather armour of magic resistance
 g - a +2 ring mail of fire resistance (worn)
 h - a +0 shield
 u - a +2 cloak (worn)
 B - a +0 pair of boots (worn)
Jewellery
 i - a ring of stealth (left hand)
Wands
 n - a wand of iceblast (13)
Scrolls
 e - 3 scrolls of random uselessness {unknown}
 j - 2 scrolls of enchant weapon {unknown}
 o - 3 scrolls of identify {unknown}
 p - a scroll of remove curse {unknown}
 q - 4 scrolls of magic mapping {unknown}
 r - 2 scrolls of teleportation {unknown}
 t - a scroll of fear {unknown}
 y - a scroll of amnesia {unknown}
Potions
 d - 2 potions of magic {unknown}
 k - a potion of cancellation {unknown}
 l - 4 potions of curing
 m - a potion of invisibility {unknown}
 s - a potion of haste {unknown}
 v - 2 potions of lignification {unknown}
 A - a potion of might {unknown}
 C - a potion of degeneration {unknown}
Comestibles
 c - 6 rations


   Skills:
 - Level 3.2 Fighting
 + Level 8.4 Short Blades
 - Level 1.5 Armour
 + Level 7.2 Dodging


You had 6 spell levels left.
You didn't know any spells.
Your spell library contained the following spells:

 Spells                   Type           Power        Failure   Level  Hunger
 Magic Dart               Conj           #...         58%         1    ##.....
 Blink                    Tloc           N/A          73%         2    ###....
 Call Imp                 Summ           #.......     73%         2    ###....
 Slow                     Hex            #.......     73%         2    ###....
 Conjure Flame            Conj/Fire      #.......     91%         3    ####...
 Mephitic Cloud           Conj/Pois/Air  #.......     91%         3    ####...


Dungeon Overview and Level Annotations

Branches:
Dungeon (5/15)
 Temple: D:4-7

Altars:
Gozag
Trog

Shops:
D:4 [


Innate Abilities, Weirdness & Mutations

You are small and have problems with some larger weapons.
You are carnivorous and can eat meat at any time.


Message History

You are poisoned.
The worker ant poisons you!
You see here an arrow.
You feel sick.
You feel sick. The worker ant bites you.
* * * LOW HITPOINT WARNING * * *
You see here 4 arrows.
You feel sick.
The orc priest begins to cast a cantrip, but forgets the words!
The worker ant misses you.
You feel better. The worker ant bites you. The worker ant closely misses you.
The worker ant misses you.
The worker ant bites you but does no damage.
The orc priest invokes the aid of Beogh against you.
Beogh smites you!
* * * LOW HITPOINT WARNING * * *
The worker ant closely misses you.
The orc priest calls down the wrath of Beogh upon you.
Beogh smites you!
You die...

##### # ## ### ### ### ###...#
#######
#.#8###8###.###8###8###.###......
................................>
#>....................#.....##รท#.
#.####..####....###...##.#.###...
#.##............###.##.....# #.#.
#..#............@...##.#.### #.#.
#.......#.......######.....# #...
#..............a### ####### ####
#............#o...#
#............o..[#####
#.#...>.#.##(##......#
#..........ao........###
####....#.##(###.......#
#....#.##o# ####.####


You could see 2 worker ants, an orc priest and 2 orcs.

Vanquished Creatures
  Edmund (D:4)
  A water moccasin (D:5)
  A centaur (D:5)
  A bullfrog zombie (D:5)
  2 crimson imps (D:5)
  2 orc priests (D:4)
  A bullfrog skeleton (D:4)
  Ijyb (D:3)
  An iguana (D:5)
  An orc wizard (D:5)
  3 adders
  An adder skeleton (D:4)
  2 worms
  2 leopard geckos
  6 orcs
  4 bats
  4 giant cockroaches
  3 goblins
  6 hobgoblins
  11 jackals
  7 quokkas
  10 frilled lizards
  2 kobolds
  3 rats
76 creatures vanquished.

Notes
Turn   | Place    | Note
-------+----------+-------------------------------------------
     0 | D:1      | grindst0ne the Kobold Berserker began the quest for the
                  | Orb.
     0 | D:1      | Reached XP level 1. HP: 14/14 MP: 1/1
   187 | D:1      | Reached XP level 2. HP: 6/19 MP: 2/2
   936 | D:2      | Reached XP level 3. HP: 23/23 MP: 3/3
  1058 | D:2      | Reached ** piety under Trog
  1064 | D:2      | Reached skill level 5 in Short Blades
  1404 | D:2      | Reached XP level 4. HP: 21/28 MP: 4/4
  1700 | D:3      | Found a faded altar of an unknown god.
  1706 | D:3      | Noticed Ijyb
  1719 | D:3      | Killed Ijyb
  2174 | D:4      | Reached XP level 5. HP: 28/32 MP: 5/5
  2187 | D:4      | Reached skill level 6 in Short Blades
  2252 | D:4      | Reached skill level 5 in Dodging
  2554 | D:4      | Found Qyryopri's Armour Shoppe.
  2582 | D:4      | Reached XP level 6. HP: 37/37 MP: 6/6
  2674 | D:4      | Found a bloodstained altar of Trog.
  2815 | D:4      | Found an opulent altar of Gozag.
  2881 | D:4      | Noticed Edmund
  2902 | D:4      | Killed Edmund
  2902 | D:4      | Reached skill level 7 in Short Blades
  3078 | D:5      | Entered Level 5 of the Dungeon
  3082 | D:5      | Noticed a water moccasin
  3122 | D:5      | Killed a water moccasin
  3122 | D:5      | Reached XP level 7. HP: 26/41 MP: 7/7
  3398 | D:5      | Reached skill level 8 in Short Blades
  3505 | D:5      | Reached *** piety under Trog
  3525 | D:5      | Killed from afar by an orc priest

Levels and vault maps discovered:
D:1:      co_arrival_random_square_maze, layout_loops_cross, due_unseen_surprise
D:2:      layout_rooms, kennysheep_generic_room_16
D:3:      layout_rooms, chequers_ecumenical_altar_twisty, saegor_snake_ambush,
          uniq_ijyb
D:4:      layout_gridville, grunt_gozag_breadcrumbs, serial_shops,
          nicolae_shop_statue_plus, first_ration, trog_butcher_becter,
          uniq_edmund
D:5:      layout_basic, serial_corexii_hall, corexii_hall_statues_l,
          chequers_hall_statues_wall_a

Skill      XL: |  1  2  3  4  5  6  7 |
---------------+----------------------+-----
Dodging        | 3 4 5 6 7 |  7.2
Short Blades   | 5 6 7 8 |  8.4
Fighting       | |  3.2
Armour         | |  1.5

Action                   |  1- 3 |  4- 6 |  7- 9 || total
-------------------------+-------+-------+-------++-------
Melee: Short sword       |   131 |   168 |   106 ||   405
Invok: Berserk           |     2 |     5 |     1 ||     8
  Use: Potion            |       |     1 |     1 ||     2
 Stab: Sleeping          |     1 |     4 |       ||     5
       Distracted        |       |     1 |       ||     1
  Eat: Chunk             |    12 |     9 |     3 ||    24
Armor: Animal skin       |     3 |       |       ||     3
       Robe              |    17 |       |       ||    17
       Scale mail        |     9 |     7 |       ||    16
       Leather armour    |       |    14 |       ||    14
       Ring mail         |       |     9 |    36 ||    45
Dodge: Dodged            |   108 |    95 |    59 ||   262
